Map: Ever Dream LE

Players

Reynor - Winner!

  • Race: Zerg Zerg
  • League: Master
  • Spawn Location: 1:00

Trap

  • Race: Protoss Protoss
  • Spawn Location: 7:00

Event: DreamHack SC2 Masters 2020 Fall

VOD

Have the link to the VOD?

Description

Time

  • Played on: Sept. 20, 2020, 12:30 p.m.
  • Length: 20:00

All games in this series

Show
View Real Time Build Order
Export as new Build Order

Reynor Zerg - Winner!

Build Orders: Hatch First, Lurkers 

Get SALT Encoding   

  12  0:00  Drone  
  13  0:12  Overlord  
  13  0:17  Drone  
  14  0:31  Drone  
  15  0:44  Hatchery  
  15  0:49  Drone  
  15  0:52  Drone  
  15  0:56  Drone  
  17  1:09  Drone  
  17  1:10  Extractor  
  17  1:16  Spawning Pool  
  16  1:18  Drone  
  16  1:23  Drone  
  18  1:32  Drone  
  19  1:43  Drone  
  21  1:54  Drone  
  21  2:03  Queen x2, Zergling x2  
  21  2:05  Zergling x2  
  21  2:07  Overlord  
  27  2:17  Zergling x2  
  28  2:23  Metabolic Boost  
  28  2:28  Drone x3  
  31  2:39  Hatchery  
  31  2:43  Drone  
  31  2:52  Zergling x2  
  31  2:54  Drone x2  
  34  2:59  Overlord  
  34  3:01  Queen  
  36  3:15  Overlord  
  36  3:18  Drone  
  36  3:19  Drone x5  
  42  3:21  Drone  
  42  3:22  Drone  
  44  3:32  Spore Crawler  
  44  3:33  Drone x2  
  45  3:35  Queen  
  45  3:39  Zergling x2  
  48  3:42  Drone  
  48  3:44  Zergling x2  
  48  3:46  Overlord  
  50  3:50  Drone x2  
  54  3:56  Drone x2  
  54  4:00  Spore Crawler  
  55  4:04  Spore Crawler  
  55  4:05  Zergling x2  
  55  4:06  Drone x2  
  57  4:11  Drone x2  
  57  4:13  Spore Crawler  
  57  4:16  Drone  
  55  4:22  Drone x2  
  56  4:24  Drone  
  56  4:26  Drone  
  56  4:30  Drone x5  
  58  4:35  Overlord  
  58  4:36  Drone x2  
  59  4:45  Drone  
  56  4:48  Drone x2  
  58  4:54  Roach Warren, Extractor  
  58  4:55  Drone, Extractor  
  58  4:59  Drone x3  
  59  5:00  Drone x2  
  59  5:02  Queen  
  63  5:07  Drone  
  63  5:10  Drone x2  
  63  5:11  Lair  
  66  5:19  Overlord  
  66  5:21  Drone x4  
  70  5:25  Drone x3, Evolution Chamber  
  70  5:28  Overlord  
  72  5:37  Overlord  
  72  5:40  Drone x2  
  72  5:42  Extractor, Overlord  
  73  5:43  Drone  
  73  5:48  Drone x5  
  79  5:54  Drone x3  
  79  5:55  Extractor  
  79  5:56  Roach x3  
  86  6:00  Spine Crawler  
  86  6:03  Overlord  
  84  6:04  Roach  
  84  6:06  Spine Crawler  
  84  6:07  Roach, Spine Crawler  
  88  6:11  Roach x3  
  88  6:15  Overlord  
  88  6:16  Ravager x2  
  88  6:17  Ravager  
  97  6:18  Roach  
  97  6:20  Overlord  
  97  6:22  Roach x3  
  97  6:23  Zergling x2  
  102  6:33  Ravager x2  
  102  6:35  Roach x2, Zergling x4  
  102  6:37  Roach x2  
  108  6:40  Queen  
  108  6:41  Ravager  
  108  6:43  Zergling x6  
  108  6:44  Zergling x4  
  115  6:48  Glial Reconstitution, Queen  
  115  6:51  Roach, Zergling x4  
  120  7:01  Queen, Roach x2  
  105  7:09  Roach  
  105  7:11  Drone  
  105  7:13  Drone x2  
  105  7:14  Zerg Missile Weapons Level 1  
  107  7:15  Queen  
  107  7:17  Spore Crawler  
  104  7:24  Drone x5  
  104  7:29  Ravager  
  108  7:30  Drone  
  108  7:34  Drone x2, Extractor  
  110  7:40  Drone  
  110  7:42  Hatchery  
  110  7:44  Spore Crawler  
  110  7:45  Drone x2  
  110  7:50  Pneumatized Carapace, Overseer  
  111  7:52  Overlord  
  111  7:53  Roach x2  
  111  7:57  Overlord  
  114  8:07  Overlord  
  114  8:12  Roach x4  
  122  8:13  Overlord  
  122  8:16  Roach  
  122  8:17  Roach x3  
  130  8:23  Hydralisk Den  
  129  8:27  Roach x4  
  129  8:29  Overlord  
  129  8:30  Drone  
  138  8:37  Drone  
  138  8:38  Drone x2  
  138  8:40  Overlord  
  141  8:43  Ravager x2  
  141  8:44  Roach  
  141  8:47  Drone  
  146  8:49  Drone x4  
  146  8:52  Overlord  
  150  8:56  Drone x3  
  150  9:00  Muscular Augments  
  153  9:03  Evolution Chamber  
  153  9:06  Overlord  
  153  9:07  Unknown  
  153  9:09  Hydralisk x5  
  151  9:10  Lurker Den  
  151  9:11  Zerg Missile Weapons Level 2  
  151  9:13  Overseer  
  151  9:16  Infestation Pit  
  159  9:18  Drone x5  
  163  9:25  Hydralisk x3  
  163  9:26  Hydralisk x3  
  175  9:32  Overlord  
  175  9:40  Zerg Ground Armor Level 1  
  174  9:48  Drone x3  
  174  9:50  Spore Crawler  
  174  9:51  Spine Crawler  
  175  9:53  Hydralisk x4  
  175  9:57  Hydralisk x3, Hatchery  
  190  10:00  Roach, Zergling x2  
  186  10:14  Hydralisk x6, Zergling x2  
  178  10:15  Zergling x2  
  173  10:22  Roach x5  
  173  10:28  Hydralisk x4  
  178  10:36  Hydralisk x3  
  178  10:40  Hydralisk x2  
  175  10:43  Hydralisk x2  
  175  10:47  Lurker  
  178  10:54  Hive  
  178  10:55  Drone x4  
  182  10:59  Grooved Spines  
  182  11:03  Lurker x2  
  182  11:05  Drone  
  182  11:07  Overlord x3  
  182  11:08  Queen  
  185  11:14  Drone x3  
  188  11:21  Drone x5  
  178  11:26  Lurker x5  
  178  11:31  Drone x3  
  178  11:32  Drone x3  
  189  11:33  Extractor  
  189  11:34  Drone  
  189  11:35  Drone x2, Extractor  
  190  11:40  Lurker x2  
  190  11:43  Spine Crawler  
  190  11:44  Spore Crawler  
  190  11:49  Hydralisk x4  
  192  12:05  Drone x4  
  192  12:06  Zerg Ground Armor Level 2, Zerg Missile Weapons Level 3  
  196  12:14  Spine Crawler  
  195  12:16  Spine Crawler  
  195  12:17  Hydralisk x2  
  195  12:18  Hydralisk  
  195  12:19  Overlord  
  197  12:32  Viper  
  199  13:05  Overlord x2  
  196  13:31  Viper x2  
  194  13:43  Hydralisk x5  
  194  13:51  Roach x4  
  194  13:52  Roach x10  
  196  13:57  Roach x2  
  196  14:13  Adaptive Talons  
  196  14:22  Hydralisk x16  
  196  14:36  Viper x3  
  187  14:54  Lurker x4  
  187  14:56  Lurker x4  
  187  14:59  Drone x5  
  200  15:02  Spine Crawler  
  200  15:03  Spine Crawler  
  200  15:04  Spine Crawler  
  197  15:12  Spine Crawler  
  196  15:14  Spine Crawler  
  196  15:18  Spine Crawler  
  194  15:24  Lurker x4  
  194  15:25  Lurker x2  
  200  15:36  Hatchery  
  196  16:04  Hydralisk x8  
  195  16:15  Overseer  
  195  16:16  Overseer  
  195  16:21  Hydralisk x2  
  199  16:28  Hatchery  
  198  16:47  Hydralisk x4  
  188  16:56  Hydralisk x8  
  186  17:05  Hydralisk x18  
  191  17:24  Roach x4  
  197  17:40  Extractor  
  197  17:43  Roach x2  
  200  17:49  Extractor  
  199  17:51  Extractor  
  198  18:02  Hydralisk x9  
  194  18:23  Overlord  
  194  18:25  Roach  
  194  18:26  Roach x3  
  200  18:32  Hatchery  
  198  18:47  Evolution Chamber  
  197  18:49  Evolution Chamber, Hydralisk x2  
  197  18:52  Evolution Chamber  
  197  18:53  Hatchery  
  193  19:13  Spire  
  193  19:17  Drone x3, Spine Crawler, Spore Crawler  
  191  19:19  Spine Crawler x2  
  191  19:20  Spine Crawler  
  191  19:21  Spine Crawler  
  191  19:23  Hydralisk x5  
Show
View Real Time Build Order
Export as new Build Order

Trap Protoss 

Build Orders: 1 Gate Expand, Oracle Opening, Archon Immortal 

Get SALT Encoding   

  12  0:00  Probe  
  13  0:13  Pylon  
  13  0:18  Probe (Chrono Boost)  
  14  0:27  Probe (Chrono Boost)  
  15  0:32  Probe (Chrono Boost)  
  16  0:40  Gateway  
  16  0:44  Probe  
  16  0:48  Assimilator  
  17  0:56  Probe  
  18  1:08  Probe  
  19  1:20  Probe  
  20  1:26  Nexus  
  20  1:35  Cybernetics Core  
  20  1:37  Probe  
  21  1:44  Assimilator  
  21  1:49  Probe  
  21  1:53  Pylon  
  22  2:01  Probe  
  23  2:09  Adept (Chrono Boost)  
  23  2:12  Warp Gate  
  23  2:13  Probe  
  26  2:26  Probe  
  26  2:30  Stargate  
  26  2:35  Adept  
  28  2:38  Probe x2 (Chrono Boost)  
  30  2:47  Probe x2 (Chrono Boost)  
  32  2:52  Probe x2 (Chrono Boost)  
  34  3:04  Probe x2  
  34  3:05  Stalker  
  38  3:11  Oracle (Chrono Boost)  
  38  3:16  Probe  
  38  3:17  Probe  
  38  3:18  Pylon  
  43  3:26  Gateway  
  43  3:28  Probe  
  43  3:29  Probe  
  45  3:38  Oracle (Chrono Boost)  
  45  3:40  Probe  
  45  3:41  Probe  
  50  3:45  Assimilator x2  
  50  3:48  Pylon  
  50  3:52  Probe  
  50  3:53  Probe  
  52  4:01  Robotics Facility  
  52  4:04  Probe  
  52  4:05  Probe  
  52  4:06  Pylon  
  54  4:17  Probe x2  
  56  4:28  Adept x2  
  60  4:33  Pylon  
  58  4:40  Gateway  
  58  4:41  Gateway  
  58  4:48  Immortal (Chrono Boost)  
  58  4:52  Sentry x2  
  66  5:08  Gateway  
  66  5:10  Gateway, Probe x2  
  66  5:12  Pylon  
  67  5:16  Sentry x2  
  71  5:21  Warp Prism (Chrono Boost)  
  71  5:23  Nexus  
  71  5:28  Pylon  
  73  5:36  Pylon  
  73  5:37  Sentry x2  
  77  5:48  Shield Battery, Stalker x2  
  81  5:51  Observer (Chrono Boost)  
  82  6:00  Zealot  
  84  6:15  Stalker x5  
  94  6:22  Pylon x2  
  92  6:43  Stalker x5  
  92  6:44  Stalker  
  85  7:10  Probe x2  
  85  7:13  Adept x2  
  85  7:14  Sentry x2  
  85  7:15  Sentry, Stalker  
  95  7:18  Forge  
  95  7:19  Probe  
  95  7:22  Twilight Council, Probe x2 (Chrono Boost)  
  94  7:32  Probe (Chrono Boost)  
  94  7:34  Probe x2 (Chrono Boost)  
  94  7:35  Protoss Ground Weapons Level 1  
  94  7:36  Shield Battery  
  97  7:37  Shield Battery  
  97  7:40  Immortal (Chrono Boost)  
  97  7:41  Probe (Chrono Boost)  
  97  7:42  Probe x2 (Chrono Boost)  
  104  7:46  Probe (Chrono Boost)  
  104  7:48  Probe x2  
  107  7:53  Pylon  
  107  7:55  Pylon  
  107  7:59  Charge  
  107  8:09  Immortal (Chrono Boost)  
  107  8:11  Assimilator, Probe  
  107  8:12  Probe x2  
  114  8:15  Assimilator  
  114  8:19  Templar Archives  
  114  8:22  Zealot x2  
  118  8:34  Gateway  
  118  8:36  Gateway  
  118  8:38  Gateway  
  118  8:41  Immortal (Chrono Boost)  
  118  8:49  Stalker  
  120  8:56  Shield Battery  
  120  8:58  Shield Battery  
  120  9:00  Zealot x3, High Templar x2  
  130  9:05  Archon  
  130  9:12  Pylon  
  130  9:13  Immortal (Chrono Boost)  
  130  9:14  Pylon  
  130  9:16  Photon Cannon  
  134  9:33  High Templar x4  
  134  9:34  Zealot x3  
  148  9:40  Zealot x2, Nexus, Archon  
  148  9:41  Archon  
  152  9:46  Immortal (Chrono Boost)  
  149  9:55  Robotics Bay  
  149  9:58  Robotics Facility, Pylon  
  149  10:08  Zealot  
  149  10:09  Zealot x5  
  153  10:15  Zealot x3  
  151  10:26  Nexus  
  145  10:31  Sentry x2  
  145  10:32  Zealot x2  
  145  10:40  Protoss Ground Weapons Level 2  
  135  10:44  Disruptor (Chrono Boost)  
  135  10:45  Disruptor (Chrono Boost)  
  135  10:51  Blink  
  135  10:59  Pylon  
  129  11:05  Photon Cannon  
  129  11:06  Photon Cannon  
  129  11:10  Disruptor (Chrono Boost)  
  129  11:11  Disruptor (Chrono Boost)  
  125  11:31  Shield Battery  
  125  11:32  Shield Battery  
  123  11:35  Disruptor (Chrono Boost)  
  123  11:36  Disruptor (Chrono Boost)  
  123  11:38  Zealot x4  
  137  11:42  Probe x4  
  141  11:48  Stalker x3  
  141  11:49  Stalker  
  141  11:52  Stalker  
  149  12:01  Disruptor (Chrono Boost)  
  152  12:10  Observer (Chrono Boost)  
  152  12:13  Zealot x3  
  152  12:14  Zealot x3  
  165  12:16  Zealot  
  165  12:22  Photon Cannon  
  157  12:37  Disruptor x2 (Chrono Boost)  
  157  12:43  Zealot x4  
  167  12:50  Photon Cannon x2  
  167  12:52  Assimilator  
  167  12:55  Assimilator  
  167  12:58  Zealot x4  
  165  13:11  Immortal (Chrono Boost), Observer (Chrono Boost)  
  170  13:18  High Templar x2, Protoss Ground Weapons Level 3 (Chrono Boost)  
  170  13:19  High Templar x3, Psionic Storm  
  176  13:49  Immortal x2 (Chrono Boost)  
  176  13:51  High Templar x2  
  174  14:18  Nexus, Immortal (Chrono Boost)  
  174  14:19  Immortal (Chrono Boost)  
  172  14:26  Robotics Facility  
  171  14:37  High Templar x4  
  171  14:38  Zealot x5  
  186  14:51  Observer (Chrono Boost)  
  173  14:55  Pylon  
  173  14:57  Observer (Chrono Boost)  
  173  14:59  Archon x2  
  171  15:00  Archon  
  171  15:04  High Templar x4  
  171  15:05  Zealot  
  181  15:08  Archon x2  
  181  15:17  Photon Cannon  
  181  15:18  Photon Cannon  
  181  15:19  Zealot  
  181  15:20  Zealot x3, Photon Cannon  
  189  15:30  Zealot  
  189  15:34  Stargate  
  181  15:36  Observer  
  181  15:37  Fleet Beacon  
  180  15:51  Disruptor x2 (Chrono Boost)  
  174  15:57  Disruptor (Chrono Boost)  
  147  16:19  Zealot x3  
  147  16:20  Zealot  
  147  16:22  Immortal x2 (Chrono Boost)  
  147  16:24  Immortal (Chrono Boost)  
  147  16:25  Unknown  
  166  16:33  High Templar x2  
  166  16:34  Zealot x2  
  171  16:48  Archon  
  171  16:51  Observer  
  141  17:02  Zealot x7  
  125  17:11  Immortal (Chrono Boost)  
  125  17:13  Observer (Chrono Boost)  
  125  17:17  High Templar x2  
  125  17:21  Archon  
  125  17:22  Zealot x5  
  133  17:23  Zealot x2  
  133  17:26  Observer (Chrono Boost)  
  140  17:31  Observer (Chrono Boost)  
  140  17:35  Mothership (Chrono Boost)  
  127  17:43  High Templar x2  
  139  17:53  High Templar  
  141  18:01  Warp Prism (Chrono Boost)  
  141  18:03  Disruptor (Chrono Boost)  
  143  18:05  Disruptor (Chrono Boost)  
  130  18:14  Zealot x5  
  130  18:15  Zealot  
  134  18:23  Disruptor  
  126  18:30  Observer  
  126  18:32  Disruptor  
  113  18:37  Nexus  
  98  18:48  High Templar x2  
  102  19:02  Disruptor (Chrono Boost)  
  102  19:04  Nexus  
  101  19:12  High Templar  
  101  19:15  Zealot x3, Pylon  
  101  19:16  Zealot x3  
  115  19:20  Observer (Chrono Boost)  

Tags
 
Add a new tag
Caveats
  • Supply blocks, unpowered buildings, or Contaminate may cause inaccurate times.
  • Supply counts are checked every 10 seconds.